 Dungeon Crawl Stone Soup version 0.25-a0-294-gea9b1ad378 (webtiles) character file.

Game seed: 12338900547727658640, levelgen mode: deterministic

10855 night the Martial Artist (level 11, -2/136 HPs)
             Began as a Demonspawn Monk on Dec 16, 2019.
             Was a High Priest of Kikubaaqudgha.
             Slain by a komodo dragon (17 damage)
             ... on level 1 of the Lair of Beasts.
             The game lasted 00:32:13 (11336 turns).

night the Martial Artist (Demonspawn Monk)         Turns: 11336, Time: 00:32:13

Health: -2/136     AC: 25    Str: 16 (17) XL:     11   Next: 41%
Magic:  0/11       EV:  2    Int: 12 (14) God:    Kikubaaqudgha [*****.]
Gold:   407        SH:  0    Dex: 13 (15) Spells: 10/10 levels left

rFire    . . .     SeeInvis .     - Unarmed
rCold    . . .     Gourm    .   (no shield)
rNeg     + + +     Faith    .   (armour currently unavailable)
rPois    +         Spirit   +   (helmet unavailable)
rElec    .         Reflect  .   (cloak currently unavailable)
rCorr    .         Harm     .   (gloves currently unavailable)
MR       .....     NoTele   +   (boots currently unavailable)
Stlth    ++........             E - amulet of regeneration
HPRegen  0.72/turn              j - +4 ring of strength
MPRegen  0.12/turn              u - +3 ring of evasion

@: tree-form
A: powered by death 1, magic shield
a: Receive Corpses, Torment, Renounce Religion


You were on level 1 of the Lair of Beasts.
You worshipped Kikubaaqudgha.
Kikubaaqudgha was extremely pleased with you.
You were hungry.
You were a tree.
You visited 3 branches of the dungeon, and saw 12 of its levels.
You also visited: Ossuary.

You collected 407 gold pieces.

Inventory:

Hand Weapons
 b - a +2 hunting sling of freezing
 Z - a +0 shortbow
Missiles
 h - 245 arrows
 k - 282 stones
 m - 2 throwing nets
 w - 4 curare-tipped darts
 D - 50 sling bullets
 H - 61 poisoned darts (quivered)
 T - 5 atropa-tipped darts
 X - 7 boomerangs
Armour
 R - a +1 ring mail of cold resistance (melded)
 V - a +0 cloak (melded)
 W - a +0 pair of gloves (melded)
 Y - a +0 plate armour
Jewellery
 e - an uncursed ring of wizardry
 j - a +4 ring of strength (left branch)
 l - an uncursed ring of positive energy
 t - an uncursed ring of magical power
 u - a +3 ring of evasion (right branch)
 E - an amulet of regeneration (around neck)
 G - a +1 ring of protection
Wands
 a - a wand of polymorph (11)
 q - a wand of flame (19)
 y - a wand of random effects (49)
 I - a wand of digging (7)
 J - a wand of enslavement (7)
 K - a wand of iceblast (4)
Scrolls
 c - a scroll of enchant weapon
 o - 5 scrolls of remove curse
 C - a scroll of fear {unknown}
 M - a scroll of silence
 N - a scroll of holy word {unknown}
 O - a scroll of fog {unknown}
 Q - 2 scrolls of teleportation {unknown}
 S - 2 scrolls of identify
Potions
 d - a potion of haste {unknown}
 f - 5 potions of curing
 g - 2 potions of mutation
 n - a potion of invisibility
 p - 5 potions of agility
 r - 3 potions of magic
 s - 3 potions of resistance
 v - 3 potions of brilliance
 x - a potion of cancellation {unknown}
 z - 3 potions of berserk rage
 A - 3 potions of flight
 B - a potion of degeneration
 F - 3 potions of might
 L - a potion of lignification
 P - 2 potions of heal wounds
Comestibles
 i - 22 rations
 U - 4 chunks of flesh


   Skills:
 + Level 10.3 Fighting
 - Level 2.6 Dodging
 - Level 1.7 Stealth
 * Level 12.5 Unarmed Combat
 + Level 7.4 Necromancy


You had 10 spell levels left.
You didn't know any spells.
Your spell library contained the following spells:

 Spells                   Type           Power        Failure   Level  Hunger
 Animate Skeleton         Necr           N/A          1%          1    ##.....
 Pain                     Necr           ###.         1%          1    ##.....
 Sublimation of Blood     Necr           ###.......   2%          2    ###....
 Vampiric Draining        Necr           ###.......   4%          3    ####...
 Animate Dead             Necr           N/A          16%         4    #####..
 Agony                    Necr           ###.....     41%         5    ######.
 Dispel Undead            Necr           ###.....     41%         5    ######.
 Excruciating Wounds      Chrm/Necr      #.........   90%         5    ######.
 Simulacrum               Ice/Necr       #.........   100%        6    #######


Dungeon Overview and Level Annotations

Branches:
Dungeon (10/15)            Temple (1/1) D:4            Lair (1/6) D:8
    Orc (0/2) D:9         Ossuary (visited)

Altars:
Ashenzari
Cheibriados
Dithmenos
Elyvilon
Fedhas
Gozag
Hepliaklqana
Kikubaaqudgha
Makhleb
Nemelex Xobeh
Okawaru
Qazlal
Ru
Sif Muna
Trog
Uskayaw
Vehumet
Wu Jian
Xom
Yredelemnul
Zin
The Shining One
Beogh

Annotations:
D:4 1 runed translucent door, mopl's ghost, amateur DEFE
D:7 1 runed translucent door


Innate Abilities, Weirdness & Mutations

((You have a pair of large antennae on your head. (SInv)))
You regenerate a little health from kills.
When hurt, damage is shared between your health and your magic reserves.
((When seriously injured, your bleeding wounds create armour. (AC +0)))


Message History

The komodo dragon is moderately wounded.
You feel very sick.
You pummel the komodo dragon!!
The komodo dragon is severely wounded.
You feel very sick. The komodo dragon bites you!!
* * * LOW HITPOINT WARNING * * *
You barely miss the komodo dragon.
The komodo dragon is severely wounded.
* * * LOW HITPOINT WARNING * * *
You feel very sick. The komodo dragon bites you!
* * * LOW HITPOINT WARNING * * *
You feel better.
The komodo dragon bites you but does no damage.
You completely miss the komodo dragon.
The komodo dragon is severely wounded.
The komodo dragon bites you!!
You die...
Kikubaaqudgha rasps: "You have failed me!
Welcome... death!"

....#.........(
....#..........
8.........F.......
...................
..........##........
...P......##..........
..##......##..........
#.#...l##..........
##.####♣†.......... ##
#............
##...........
#P..........
##..........
#..........
##..........
#...........
###..........


You could see a komodo dragon.

Vanquished Creatures
  Harold (D:7)
  Erolcha (D:10)
  A two-headed ogre (D:10)
  Maurice (D:8)
  A black mamba (Lair:1)
  A centaur zombie (D:7)
  A spiny frog (Lair:1)
  A hornet (D:10)
  Sigmund (D:6)
  6 yaks (D:8)
  4 hogs (D:10)
  A human (D:10)
  Menkaure (D:6)
  Edmund (D:6)
  3 water moccasins (Lair:1)
  A porcupine (Lair:1)
  A sky beast (D:5)
  6 orc warriors
  3 black bears
  3 ice beasts
  6 ogres
  A necrophage (D:9)
  6 centaurs
  A crocodile (D:9)
  7 bullfrogs
  4 scorpions
  A water moccasin zombie (D:5)
  2 howler monkeys
  5 wights (D:9)
  An electric eel (D:10)
  4 crimson imps
  A quasit (D:10)
  A bullfrog skeleton (D:9)
  7 hounds
  8 orc priests
  A centaur skeleton (D:7)
  7 orc wizards
  An iguana (D:4)
  Natasha (thrice) (D:3)
  6 worker ants
  4 big kobold zombies (Ossuary)
  A hound zombie (D:6)
  A mummy (Ossuary)
  A worker ant zombie (D:8)
  17 adders
  3 gnolls
  2 shadow imps
  An ooze (D:1)
  An adder zombie (D:5)
  3 worms
  2 dart slugs
  4 leopard geckos
  68 orcs
  5 spectral bats (Ossuary)
  3 giant cockroaches
  8 gnoll zombies (Ossuary)
  7 goblins
  6 hobgoblins
  2 jackals (D:1)
  3 quokkas
  A ball python zombie (D:5)
  7 bats
  5 bat simulacra (Ossuary)
  7 frilled lizards
  2 goblin simulacra (Ossuary)
  3 goblin zombies (Ossuary)
  5 hobgoblin zombies (Ossuary)
  7 kobolds
  3 kobold simulacra (Ossuary)
  5 kobold zombies (Ossuary)
  A leopard gecko skeleton (D:6)
  A leopard gecko zombie (D:6)
  5 orc zombies (Ossuary)
  A quokka skeleton (D:4)
  13 rats
  3 rat simulacra (Ossuary)
  3 spectral goblins (Ossuary)
  2 spectral kobolds (Ossuary)
  A spectral rat (Ossuary)
329 creatures vanquished.

Vanquished Creatures (others)
  14 fungi (D:8)
  10 plants (D:8)
24 creatures vanquished.

Grand Total: 353 creatures vanquished

Notes
Turn   | Place    | Note
-------+----------+-------------------------------------------
     0 | D:1      | night the Demonspawn Monk began the quest for the Orb.
     0 | D:1      | Reached XP level 1. HP: 18/18 MP: 1/1
    51 | D:1      | Reached skill level 3 in Unarmed Combat
    58 | D:1      | Gained mutation: You have a pair of small antennae on your
                  | head. [demonic ancestry]
    58 | D:1      | Reached XP level 2. HP: 15/24 MP: 2/2
  1432 | D:2      | Gained mutation: You have a pair of antennae on your head.
                  | [demonic ancestry]
  1432 | D:2      | Reached XP level 3. HP: 27/30 MP: 3/3
  1932 | D:2      | Found a sacrificial altar of Ru.
  2119 | D:2      | Found an iron altar of Okawaru.
  2176 | D:2      | Found an opulent altar of Gozag.
  2211 | D:3      | Noticed Natasha
  2220 | D:3      | Killed Natasha
  2220 | D:3      | Reached XP level 4. HP: 36/37 MP: 4/4
  2234 | D:3      | Noticed Natasha
  2246 | D:3      | Killed Natasha
  2246 | D:3      | Reached skill level 4 in Unarmed Combat
  2368 | D:3      | Noticed Natasha
  2383 | D:3      | Killed Natasha
  2383 | D:3      | Gained mutation: When seriously injured, your bleeding
                  | wounds create armour. (AC +0) [demonic ancestry]
  2383 | D:3      | Reached XP level 5. HP: 14/43 MP: 5/5
  3172 | D:3      | Found a shattered altar of Ashenzari.
  3331 | D:3      | Found a white marble altar of Elyvilon.
  3331 | D:3      | Found a burning altar of Makhleb.
  3351 | D:3      | Found a glowing golden altar of the Shining One.
  3391 | D:4      | Found a staircase to the Ecumenical Temple.
  3395 | D:4      | Noticed an ogre
  3429 | D:4      | Killed an ogre
  3429 | D:4      | Reached skill level 5 in Unarmed Combat
  3429 | D:4      | Reached XP level 6. HP: 15/50 MP: 6/6
  3434 | D:4      | Reached skill level 5 in Fighting
  3713 | D:4      | Found a sand-covered staircase.
  3719 | Ossuary  | Entered an ossuary
  3973 | Ossuary  | Reached skill level 6 in Unarmed Combat
  4005 | Ossuary  | Reached XP level 7. HP: 53/56 MP: 7/7
  4367 | Temple   | Entered the Ecumenical Temple
  4385 | Temple   | Became a worshipper of Kikubaaqudgha
  4385 | Temple   | Reached * piety under Kikubaaqudgha
  4385 | Temple   | Identified Kikubaaqudgha's Tome of Darkness (Kikubaaqudgha
                  | gifted it to you in the Ecumenical Temple)
  4385 | Temple   | Received a gift from Kikubaaqudgha
  4385 | Temple   | Reached ** piety under Kikubaaqudgha
  4596 | D:4      | Found a runed translucent door.
  4602 | D:4      | Noticed mopl's ghost (amateur DEFE)
  5054 | D:5      | Entered Level 5 of the Dungeon
  5278 | D:5      | Reached skill level 7 in Unarmed Combat
  5522 | D:5      | Gained mutation: You regenerate a little health from kills.
                  | [demonic ancestry]
  5522 | D:5      | Reached XP level 8. HP: 39/65 MP: 8/8
  5829 | D:5      | Found a bloodstained altar of Trog.
  6066 | D:5      | Reached skill level 8 in Unarmed Combat
  6517 | D:6      | Found a shadowy altar of Dithmenos.
  6517 | D:6      | Noticed Edmund
  6556 | D:6      | Killed Edmund
  6696 | D:6      | Noticed Sigmund
  6720 | D:6      | Killed Sigmund
  6772 | D:6      | Noticed Menkaure
  6785 | D:6      | Killed Menkaure
  6785 | D:6      | Reached skill level 9 in Unarmed Combat
  6824 | D:6      | Gained mutation: When hurt, damage is shared between your
                  | health and your magic reserves. [demonic ancestry]
  6824 | D:6      | Reached XP level 9. HP: 41/72 MP: 9/9
  7019 | D:6      | Reached *** piety under Kikubaaqudgha
  7019 | D:6      | Identified Kikubaaqudgha's Compendium of Evil Secrets
                  | (Kikubaaqudgha gifted it to you on level 6 of the Dungeon)
  7019 | D:6      | Received a gift from Kikubaaqudgha
  7176 | D:6      | Found a snail-covered altar of Cheibriados.
  7273 | D:7      | Found a runed translucent door.
  7274 | D:7      | Noticed a sixfirhy
  7399 | D:7      | Reached skill level 1 in Necromancy
  7447 | D:7      | Noticed Harold
  7484 | D:7      | Killed Harold
  7484 | D:7      | Reached skill level 10 in Unarmed Combat
  8353 | D:8      | Found a staircase to the Lair.
  8369 | D:8      | Gained mutation: You have a pair of large antennae on your
                  | head. (SInv) [demonic ancestry]
  8369 | D:8      | Reached XP level 10. HP: 78/82 MP: 10/10
  8385 | D:8      | Reached **** piety under Kikubaaqudgha
  8473 | D:8      | Reached skill level 11 in Unarmed Combat
  8529 | D:8      | Reached skill level 5 in Necromancy
  8985 | D:8      | Noticed Maurice
  9001 | D:8      | Killed Maurice
  9448 | D:9      | Found a glowing silver altar of Zin.
  9448 | D:9      | Noticed an angel
  9577 | D:9      | Reached ***** piety under Kikubaaqudgha
  9702 | D:9      | Found a roughly hewn altar of Beogh.
  9709 | D:9      | Found a staircase to the Orcish Mines.
 10387 | D:10     | Entered Level 10 of the Dungeon
 10602 | D:10     | Noticed Erolcha
 10616 | D:10     | Killed Erolcha
 10616 | D:10     | Reached skill level 12 in Unarmed Combat
 10616 | D:10     | Reached XP level 11. HP: 38/90 MP: 7/11
 10706 | D:10     | Paralysed by a hornet for 2 turns
 10713 | D:10     | Paralysed by a hornet for 2 turns
 10771 | D:10     | Noticed a two-headed ogre
 10783 | D:10     | Killed a two-headed ogre
 10783 | D:10     | Reached skill level 10 in Fighting
 11206 | Lair:1   | Entered Level 1 of the Lair of Beasts
 11334 | Lair:1   | HP: 4/136 [komodo dragon (5)]
 11336 | Lair:1   | Slain by a komodo dragon

Levels and vault maps discovered:
D:1:      enne_arrival_octagon_isle, layout_basic, minivault_5,
          minmay_misc_feat_alley, serial_park_tiny_1, minivault_26,
          serial_park_tiny_1
D:2:      layout_basic, lemuel_doored_altar, okawaru_ov_weapons_minmay,
          nicolae_overflow_crystal_walls
D:3:      layout_rooms, chequers_temple_overflow_statue_of_worship, uniq_natasha
D:4:      layout_loops_cross, minmay_temple_entry_grid, enter_ossuary_2,
          first_ration, ebering_ghost_reflecting_pool
D:5:      layout_basic, kennysheep_mini_moat
D:6:      layout_rooms, lemuel_coloured_pillars_altar,
          nicolae_dithmenos_through_a_glass_darkly, nicolae_underground_beach,
          uniq_sigmund, uniq_menkaure, uniq_edmund
D:7:      cheibrodos_shockbox, layout_rooms, minmay_misc_feat_room, uniq_harold
D:8:      layout_basic, due_lair_maze_entry_diamond, uniq_maurice
D:9:      layout_long_grid, zin_angel, david_orc_5
D:10:     layout_basic, grunt_livestock, uniq_erolcha
Temple:   minmay_freezing_vapour_temple
Lair:1:   layout_cave_shapes, grunt_megastairs_5

Skill      XL: |  1  2  3  4  5  6  7  8  9 10 11 |
---------------+----------------------------------+-----
Unarmed Combat | 3 4 5 6 7 9 10 12 | 12.5
Fighting       | 4 5 6 7 8 9 10 | 10.3
Necromancy     | 4 6 7 |  7.4
Dodging        | |  2.6
Stealth        | |  1.7

Action                   |  1- 3 |  4- 6 |  7- 9 | 10-12 || total
-------------------------+-------+-------+-------+-------++-------
Melee: Unarmed           |   119 |   230 |   579 |   444 ||  1372
       Punch             |     2 |     6 |    19 |    19 ||    46
 Fire: Hunting sling     |    22 |    30 |     7 |     9 ||    68
Throw: Dart              |       |     2 |     6 |    20 ||    28
Evoke: Wand              |       |       |     1 |     3 ||     4
  Use: Scroll            |       |     3 |    14 |     2 ||    19
       Potion            |       |       |       |     3 ||     3
 Stab: Sleeping          |     6 |       |       |       ||     6
  Eat: Chunk             |     4 |     6 |    15 |     9 ||    34
Armor: Robe              |    20 |     6 |       |       ||    26
       Chain mail        |       |   127 |   265 |    47 ||   439
       Plate armour      |       |       |       |    57 ||    57
       Ring mail         |       |       |       |    35 ||    35
       Skin              |       |       |       |    12 ||    12
Dodge: Dodged            |    85 |    94 |   175 |   137 ||   491

Table legend:
 A = Non-vault XP
 B = Vault XP
 C = Vault XP percentage of total XP
 D = Non-vault monster count
 E = Vault monster count
 F = Vault count percentage of total count
                 A         B        C        D         E       F
            +---------+---------+-------+---------+---------+-------
      Total |    9392 |    6116 |  39.4 |     230 |      99 |  30.1
            +---------+---------+-------+---------+---------+-------
        D:1 |      38 |       0 |   0.0 |      23 |       0 |   0.0
        D:2 |      57 |       0 |   0.0 |      18 |       0 |   0.0
        D:3 |     246 |      35 |  12.5 |      26 |       1 |   3.7
        D:4 |     569 |       0 |   0.0 |      19 |       0 |   0.0
        D:5 |     881 |       0 |   0.0 |      25 |       0 |   0.0
        D:6 |     708 |     569 |  44.6 |      28 |       3 |   9.7
        D:7 |     818 |    1018 |  55.4 |      14 |       1 |   6.7
        D:8 |    1664 |    1305 |  44.0 |      27 |       9 |  25.0
        D:9 |    1151 |     583 |  33.6 |      20 |      23 |  53.5
       D:10 |    2223 |    1976 |  47.1 |      24 |       6 |  20.0
     Lair:1 |    1037 |     444 |  30.0 |       6 |       1 |  14.3
    Ossuary |       0 |     186 | 100.0 |       0 |      55 | 100.0
            +---------+---------+-------+---------+---------+-------
